 Dungeon Crawl Stone Soup version 0.26.1-11-gd32895ea62 (webtiles) character file.

Game seed: 7181455781623007463

482 phalm the Conjurer (level 6, -2/32 HPs)
             Began as a Deep Elf Conjurer on May 4, 2021.
             Slain by Pikel
             ... wielding a +2 whip of freezing
              (3 damage)
             ... on level 5 of the Dungeon.
             The game lasted 00:10:07 (4360 turns).

phalm the Conjurer (Deep Elf Conjurer)              Turns: 4360, Time: 00:10:08

Health: -2/32      AC:  6    Str:  4    XL:     6   Next: 87%
Magic:  2/12       EV: 13    Int: 25    God:
Gold:   107        SH:  0    Dex: 13    Spells: 0/11 levels left

rFire    . . .     SeeInvis .   q - +5 scimitar of Qazlal's Anger {elec, rPois Will++}
rCold    . . .     Faith    .   (no shield)
rNeg     . . .     Spirit   .   a - +0 robe
rPois    +         Reflect  .   g - +0 helmet
rElec    .         Harm     .   (no cloak)
rCorr    .         Rampage  .   h - +2 pair of gloves
Will     ++...                  (no boots)
Stlth    ++........             (no amulet)
HPRegen  0.10/turn              (no ring)
MPRegen  0.13/turn              (no ring)

@: very slightly contaminated, invisible
A: no striking features
a: no special abilities


You were on level 5 of the Dungeon.
You visited 1 branch of the dungeon, and saw 5 of its levels.

You collected 107 gold pieces.


   Skills:
 - Level 2.4 Dodging
 - Level 2.4 Stealth
 - Level 3.0 Spellcasting
 * Level 7.6 Conjurations
 * Level 2.3 Hexes
 * Level 4.1 Translocations


You couldn't memorise any spells.
You knew the following spells:

 Your Spells              Type           Power        Failure   Level
f - Fulminant Prism       Conj/Hex       14%          13%         4
m - Magic Dart            Conj           100%         1%          1
s - Searing Ray           Conj           82%          1%          2
X - Iskenderun's Mystic   Conj/Tloc      33%          9%          4

Your spell library contained the following spells:

 Spells                   Type           Power        Failure   Level
 Dazzling Flash           Conj/Hex       56%          3%          3

Inventory:

Hand Weapons
 q - the +5 scimitar of Qazlal's Anger (weapon) {elec, rPois Will++}
   (You found it on level 4 of the Dungeon)

   Occasionally, upon striking a foe, it can discharge electrical energy and
   cause terrible harm.
   It protects you from poison.
   It affects your willpower, your defense against some magical effects.
Missiles
 b - 26 poisoned darts
Armour
 a - a +0 robe (worn)
 g - a +0 helmet (worn)
   (You took it off Robin on level 2 of the Dungeon)
 h - a +2 pair of gloves (worn)
   (You found it on level 1 of the Dungeon)
Wands
 i - a wand of flame (30)
   (You found it on level 4 of the Dungeon)
Scrolls
 j - a scroll of amnesia
 m - a scroll of blinking {!r}
 o - a scroll of enchant weapon
 r - a scroll of enchant armour
 t - a scroll of immolation {!r!r}
 u - a scroll of remove curse {unknown}
Potions
 c - a potion of invisibility
 d - a potion of lignification {unknown}
 e - a potion of heal wounds {unknown}
 f - a potion of curing {unknown}
 k - a potion of attraction {unknown}
 l - a potion of flight {unknown}
 n - a potion of cancellation {unknown}
 p - a potion of haste {@q3}
 s - a potion of magic {unknown}

Dungeon Overview and Level Annotations

Branches:
Dungeon (5/15)
 Temple: D:4-7

Altars:
Kikubaaqudgha
Makhleb
Xom

Annotations:
D:5 Pikel

#####....###. ##....
...?...
#....###..##.#
..#....#..##.#
#?....##..##.#######
##...###.....#..@Ko#
.............#.#5#5#
.........[†........#
........#...)#.#.#.#
.........#.#.#......
$#.........#.###.###.
.#.(.........# #.# #.
.#.....≈≈≈≈≈≈≈ ≈.. #.
#.#...≈##≈≈≈##≈..#


You could see Pikel, 2 lemures and an orc.


Message History

You take 1 damage, and now have 31/32 hp.
You lost 1 mp, and now have 7/12 mp.
The searing ray hits Pikel but does no damage.
The searing ray hits the lemure.
You finish channeling your searing ray.
The lemure hits you.
Pikel hits you with a +2 whip of freezing!
Pikel freezes you.
* * * LOW HITPOINT WARNING * * *
😨 HP[-15] MP[-1]
You take 15 damage, and now have 16/32 hp.
MASSIVE DAMAGE!! (PAUSE)
You lost 1 mp, and now have 6/12 mp.
Casting: Searing Ray (safe; 1% risk of failure)
Confirm with . or Enter, or press ? or * to list all spells.
Okay, then.
Casting: Searing Ray (safe; 1% risk of failure)
Confirm with . or Enter, or press ? or * to list all spells.
The spell is quite dangerous to cast (9% risk of failure)!
Continue anyway?
You erupt in a blast of force!
The mystic blast hits the lemure!
The lemure is knocked back by the mystic blast.
The mystic blast hits Pikel.
Pikel is knocked back by the mystic blast.
The mystic blast hits the lemure!
The lemure is knocked back by the mystic blast.
The lemure shouts!
Something shouts, "Get thee hence, thou surly fob-snatching flap-bat!" 😨 MP[-4]
You lost 4 mp, and now have 2/12 mp.
Okay, then.
The lemure closely misses you.
You riposte.
You hit the lemure. Lightning courses through the lemure!
You kill the lemure!
That felt strangely unrewarding.
Pikel zaps a wand.
You hear a grinding noise. 😮 HP[+1]
You hear a zap.
You hear a grinding noise.
The adder bites you.
* * * LOW HITPOINT WARNING * * *
😨 HP[-2] MP[+1]
You take 2 damage, and now have 15/32 hp.
Pikel zaps a wand.
Some rock shatters into small pieces.
A shadow imp comes into view.
The adder bites you.
* * * LOW HITPOINT WARNING * * *
😨 HP[-2]
You take 2 damage, and now have 13/32 hp.
You see here a robe.
Pikel says, "You'll feel the lick of my whip!"
The adder bites you.
* * * LOW HITPOINT WARNING * * *
😱 HP[-5] MP[+1]
You take 5 damage, and now have 8/32 hp. 😨 HP[+1]
Casting: Iskenderun's Mystic Blast (quite dangerous; 9% risk of failure)
Confirm with . or Enter, or press ? or * to list all spells.
The spell is quite dangerous to cast (9% risk of failure)!
Continue anyway?
You erupt in a blast of force!
The mystic blast hits the lemure!
The lemure is knocked back by the mystic blast.
The lemure collides with the lemure!
You kill the lemure!
That felt strangely unrewarding.
The mystic blast hits the adder!
You kill the adder!
You hear a shout! 😨 MP[-4]
You lost 4 mp, and now have 0/12 mp.
An orc comes into view.
The orc closely misses you.
You riposte.
You hit the orc.
The orc closely misses you. 😨 MP[+1] 😨 HP[+1]
Aiming: Throw Flame
Press: ? - help, Shift-Dir - straight line, f/p - Pikel
Aim: Pikel, wielding a +2 whip of freezing, wearing a +0 robe and carrying a wand of digging (3) (lightly wounded, 40% to evade)
The puff of flame hits Pikel.
You hear the slow hiss of an avalanche of sand nearby.
Pikel zaps a wand.
You hear a grinding noise.
The orc misses you.
You riposte.
You barely miss the orc.
Okay, then.
Okay, then.
It was a potion of invisibility.
You fade into invisibility!
The orc misses you.
You are very lightly contaminated with residual magic.
You slash Pikel! Lightning courses through Pikel!
Pikel hits you with a +2 whip of freezing.
* * * LOW HITPOINT WARNING * * *
Pikel freezes you.
* * * LOW HITPOINT WARNING * * *
The lemure hits you but does no damage. Pikel misses you. 😱 HP[-2] MP[+1]
You take 2 damage, and now have 8/32 hp.
Unknown command.
You barely miss Pikel. The lemure closely misses you.
Pikel hits you with a +2 whip of freezing!
* * * LOW HITPOINT WARNING * * *
Pikel freezes you.
You die...

Skill      XL: |  1  2  3  4  5  6 |
---------------+-------------------+-----
Conjurations   | 5 6 7 |  7.6
Translocations | 2 3 4 |  4.1
Hexes          | 2 |  2.3
Dodging        | |  2.4
Stealth        | |  2.4
Spellcasting   | |  3.0

Action                   |  1- 3 |  4- 6 || total
-------------------------+-------+-------++-------
Melee: Unarmed           |     8 |       ||     8
       Whip              |     1 |       ||     1
       Scimitar          |       |    10 ||    10
 Cast: Magic Dart        |    46 |    90 ||   136
       Searing Ray       |     5 |     9 ||    14
       Iskenderun's Myst |       |     2 ||     2
Evoke: Wand              |       |     1 ||     1
  Use: Scroll            |       |     8 ||     8
       Potion            |       |     1 ||     1
 Stab: Sleeping          |       |     1 ||     1
Armor: Robe              |     1 |     5 ||     6
Dodge: Dodged            |     9 |    13 ||    22
       Rpst.: Scimitar   |       |     3 ||     3

Levels and vault maps discovered:
D:1:      wander_arrival_chamber, layout_loops_ring
D:2:      layout_basic, chequers_ecumenical_altar_simple_redux, uniq_robin
D:3:      layout_loops_ring, nicolae_overflow_hidden_temple, bloody_makhleb,
          gammafunk_ghost_necromancy, uniq_natasha
D:4:      cheibrodos_old_hovel, layout_cave_pods, kennysheep_little_box,
          serial_bayou, serial_bayou_shore_a, serial_bayou_pond_c,
          serial_bayou_ford_a, serial_bayou_pond_e, serial_bayou_crossing
D:5:      layout_loops_ring, temple_pool_b, enter_ossuary_2, lightli_minifort,
          uniq_pikel

Notes
Turn   | Place    | Note
-------+----------+-------------------------------------------
     0 | D:1      | phalm the Deep Elf Conjurer began the quest for the Orb.
     0 | D:1      | Reached XP level 1. HP: 10/10 MP: 6/6
     0 | D:1      | magus.rc [v1.9.10]
   259 | D:1      | Reached XP level 2. HP: 15/15 MP: 6/8
   262 | D:1      | Learned a level 2 spell: Searing Ray
   441 | D:1      | Reached skill level 5 in Conjurations
   908 | D:2      | Reached XP level 3. HP: 19/19 MP: 4/9
  1071 | D:2      | Noticed Robin
  1156 | D:2      | Killed Robin
  1157 | D:2      | Reached skill level 6 in Conjurations
  1250 | D:2      | Reached XP level 4. HP: 24/24 MP: 2/10
  1255 | D:2      | Learned a level 4 spell: Iskenderun's Mystic Blast
  1604 | D:2      | You fall into a shaft and drop 2 floors!
  1744 | D:4      | Reached skill level 1 in Translocations
  1902 | D:3      | Found a runed translucent gate.
  1902 | D:3      | Found a runed translucent gate.
  1919 | D:3      | Found a runed translucent gate.
  1920 | D:3      | Noticed ohmysez's ghost (amateur OpFi)
  2114 | D:3      | Reached skill level 2 in Translocations
  2114 | D:3      | Reached XP level 5. HP: 28/28 MP: 8/11
  2277 | D:3      | Found an ancient bone altar of Kikubaaqudgha.
  2576 | D:2      | Found a faded altar of an unknown god.
  2836 | D:3      | Found a burning altar of Makhleb.
  3243 | D:3      | Noticed Natasha
  3247 | D:3      | Killed Natasha
  3353 | D:3      | Killed ohmysez's ghost
  3354 | D:3      | Reached skill level 7 in Conjurations
  3354 | D:3      | Reached skill level 3 in Translocations
  3354 | D:3      | Reached XP level 6. HP: 32/32 MP: 7/12
  3361 | D:3      | Learned a level 4 spell: Fulminant Prism
  3432 | D:3      | Noticed Natasha
  3437 | D:3      | Killed Natasha
  3549 | D:4      | Found a shimmering altar of Xom.
  3566 | D:4      | Got a faintly glowing scimitar
  3579 | D:4      | Identified the +5 scimitar of Qazlal's Anger {elec, rPois
                  | Will++} (You found it on level 4 of the Dungeon)
  3811 | D:4      | Reached skill level 1 in Hexes
  4038 | D:4      | Reached skill level 2 in Hexes
  4038 | D:4      | Reached skill level 4 in Translocations
  4306 | D:5      | Entered Level 5 of the Dungeon
  4311 | D:5      | Noticed Pikel
  4343 | D:5      | HP: 8/32 [adder (5)]
  4359 | D:5      | HP: 8/32 [Pikel/+2 whip of freezing (1)]
  4360 | D:5      | HP: 1/32 [Pikel/+2 whip of freezing (7)]
  4360 | D:5      | Slain by Pikel

Vanquished Creatures
  An ogre (D:4)
  The ghost of ohmysez the Skirmisher, an amateur OpFi (D:3)
  2 lemures (D:5)
  A hound (D:4)
  An orc priest (D:3)
  Natasha (twice) (D:3)
  An iguana (D:4)
  A worker ant (D:4)
  Robin (D:2)
  5 adders
  2 oozes
  2 adder skeletons (D:3)
  4 worms
  2 leopard geckos
  9 orcs
  A ball python (D:3)
  6 bats
  4 giant cockroaches
  14 goblins
  14 hobgoblins
  2 jackals (D:1)
  A frilled lizard (D:3)
  2 kobolds
  3 rats (D:2)
82 creatures vanquished.

Vanquished Creatures (others)
  7 plants (D:4)
7 creatures vanquished.

Grand Total: 89 creatures vanquished

Table legend:
 A = Non-vault XP
 B = Vault XP
 C = Vault XP percentage of total XP
 D = Non-vault monster count
 E = Vault monster count
 F = Vault count percentage of total count
                 A         B        C        D         E       F
            +---------+---------+-------+---------+---------+-------
      Total |     388 |     301 |  43.7 |      64 |      16 |  20.0
            +---------+---------+-------+---------+---------+-------
        D:1 |      29 |       0 |   0.0 |      12 |       0 |   0.0
        D:2 |      61 |      34 |  35.8 |      20 |      11 |  35.5
        D:3 |     144 |     155 |  51.8 |      23 |       4 |  14.8
        D:4 |     133 |     112 |  45.7 |       6 |       1 |  14.3
        D:5 |      21 |       0 |   0.0 |       3 |       0 |   0.0
            +---------+---------+-------+---------+---------+-------

Illustrated notes

Table legend:
 A = Kills in this place as a percentage of kills in entire the game.
 B = Kills by you in this place as a percentage of kills by you in the entire game.
 C = Kills by friends in this place as a percentage of kills by friends in the entire game.
 D = Other kills in this place as a percentage of other kills in the entire game.
 E = Experience gained in this place as a percentage of experience gained in the entire game.
 F = Experience gained in this place divided by the number of levels of this place that you have seen.
                   A       B       C       D       E      F
               +-------+-------+-------+-------+-------+----------------------
         Total | 100.0 | 100.0 |   N/A |   N/A | 100.0 | 137.8
       Dungeon | 100.0 | 100.0 |   N/A |   N/A | 100.0 | 137.8
               +-------+-------+-------+-------+-------+----------------------

Table legend: (Time is in decaauts)
 A = Elapsed time spent in this place.
 B = Non-inter-level travel time spent in this place.
 C = Inter-level travel time spent in this place.
 D = Time resting spent in this place.
 E = Time spent auto-exploring this place.
 F = Levels seen in this place.
 G = Mean time per level.
                   A        B        C        D        E       F      G
               +--------+--------+--------+--------+--------+-----+--------+
         Total |   4398 |   4322 |     76 |     30 |   3841 |   5 |  879.6 |
       Dungeon |   4398 |   4322 |     76 |     30 |   3841 |   5 |  879.6 |
               +--------+--------+--------+--------+--------+-----+--------+

Top non-repeatable levels by time:
     D:3: 1315 daAuts
     D:4: 1116 daAuts
     D:1: 1050 daAuts
     D:2: 861 daAuts
     D:5: 54 daAuts
